Map: Blackpink LE

Players

daking - Winner!

  • Race: Protoss Protoss
  • League: Diamond
  • Spawn Location: 7:00

Mylasergopew

  • Race: Zerg Zerg
  • League: Diamond
  • Spawn Location: 1:00

VOD

Have the link to the VOD?

Description

Time

  • Played on: Jan. 3, 2018, 1:11 a.m.
  • Length: 15:31
Show
View Real Time Build Order
Export as new Build Order

daking Protoss - Winner!

Build Orders: 1 Gate Expand, Zealot Archon 

Get SALT Encoding   

  12  0:01  Probe  
  13  0:13  Probe  
  14  0:18  Pylon  
  14  0:25  Probe  
  15  0:37  Gateway  
  15  0:41  Probe (Chrono Boost)  
  16  0:46  Assimilator  
  16  0:52  Probe (Chrono Boost)  
  17  0:57  Probe (Chrono Boost)  
  18  1:11  Probe  
  19  1:30  Nexus  
  19  1:37  Cybernetics Core  
  19  1:39  Probe  
  20  1:45  Assimilator  
  20  1:51  Probe  
  21  2:01  Pylon  
  21  2:03  Probe  
  22  2:14  Warp Gate  
  22  2:15  Probe  
  23  2:19  Adept (Chrono Boost)  
  25  2:24  Twilight Council  
  25  2:27  Probe  
  26  2:40  Adept (Chrono Boost)  
  26  2:43  Probe  
  26  2:44  Probe  
  30  2:52  Pylon  
  30  2:56  Probe  
  30  2:57  Probe  
  32  2:59  Charge (Chrono Boost)  
  32  3:08  Probe  
  32  3:10  Zealot (Chrono Boost)  
  35  3:14  Probe  
  36  3:20  Probe  
  36  3:25  Robotics Facility  
  37  3:31  Pylon  
  37  3:34  Probe x2  
  39  3:46  Probe x2  
  41  3:48  Zealot  
  41  3:54  Gateway  
  43  3:58  Probe  
  44  4:03  Shield Battery  
  44  4:23  Immortal  
  46  4:24  Probe  
  46  4:25  Probe  
  46  4:29  Nexus  
  48  4:33  Pylon  
  48  4:36  Probe  
  47  4:46  Gateway, Probe  
  47  4:48  Templar Archives  
  47  4:49  Probe  
  49  4:56  Zealot  
  49  4:57  Zealot  
  49  4:58  Probe  
  51  5:01  Probe  
  52  5:25  High Templar x2  
  56  5:37  Archon  
  56  5:39  Probe  
  56  5:40  Probe  
  56  5:42  Pylon  
  58  5:44  Assimilator  
  58  5:46  Assimilator  
  58  5:52  Probe x3  
  58  5:55  Shield Battery  
  58  5:56  Pylon  
  61  5:58  High Templar  
  61  6:04  Probe x2  
  65  6:13  Immortal  
  65  6:18  Probe x3, Psionic Storm  
  72  6:30  Probe x3  
  75  6:35  Shield Battery  
  75  6:41  Gateway  
  75  6:42  Probe x3  
  75  6:45  Robotics Facility  
  78  6:54  Observer, Probe x3  
  79  7:00  High Templar  
  84  7:05  Zealot x2  
  84  7:06  Probe x2  
  84  7:07  Probe  
  91  7:18  Probe  
  91  7:22  Gateway  
  92  7:23  Gateway  
  92  7:25  Forge, Gateway  
  92  7:32  Forge  
  92  7:33  High Templar x2  
  92  7:36  Pylon  
  96  7:40  Pylon  
  96  7:42  Assimilator, Zealot  
  96  7:43  Zealot  
  100  7:44  Assimilator  
  100  7:54  Immortal x2  
  108  7:59  Protoss Ground Armor Level 1 (Chrono Boost)  
  108  8:00  Protoss Shields Level 1 (Chrono Boost)  
  108  8:09  Zealot  
  108  8:10  Zealot x3  
  116  8:26  Probe  
  117  8:28  Pylon  
  117  8:41  Probe  
  117  8:45  Photon Cannon  
  117  8:46  Probe x2  
  117  8:47  Warp Prism (Chrono Boost)  
  121  8:48  Pylon  
  121  8:49  Gateway  
  121  8:54  Pylon x2  
  121  8:56  Pylon  
  121  8:58  Photon Cannon  
  121  8:59  Gateway  
  117  9:06  Gateway  
  83  9:21  Immortal  
  83  9:22  Immortal  
  91  9:28  High Templar x6  
  91  9:29  High Templar  
  93  9:38  Archon  
  93  9:39  Archon x2  
  93  9:41  Probe x2  
  93  9:42  Probe  
  89  10:01  Stalker x2  
  92  10:07  Probe x2  
  94  10:28  Nexus  
  94  10:29  Pylon  
  94  10:32  Assimilator  
  94  10:36  Assimilator  
  94  10:39  Probe  
  94  10:40  Pylon, Probe x2  
  97  10:45  High Templar x4  
  97  10:46  Zealot  
  97  10:47  Zealot x4  
  115  10:52  Probe x2  
  117  11:16  Probe x3  
  110  11:28  Zealot x4, Probe x3  
  110  11:29  Zealot  
  110  11:30  High Templar x3, Zealot  
  110  11:31  Immortal x2  
  139  11:38  Protoss Ground Armor Level 2 (Chrono Boost)  
  139  11:39  Probe, Protoss Ground Weapons Level 1 (Chrono Boost)  
  130  11:40  Probe x2  
  132  11:52  High Templar x2  
  136  12:08  Pylon  
  136  12:10  Immortal  
  136  12:12  Pylon  
  136  12:13  Zealot x4  
  148  12:22  Shield Battery  
  148  12:24  Shield Battery  
  146  12:50  Zealot x5  
  150  12:56  Warp Prism  
  150  12:58  Immortal  
  150  13:03  High Templar x2  
  150  13:04  High Templar x5  
  158  13:13  Archon x3  
  158  13:18  Zealot x3  
  164  13:32  Immortal  
  164  13:34  Gateway  
  168  13:36  Photon Cannon  
  160  13:59  Zealot x3  
  160  14:00  Zealot x7  
  180  14:27  Immortal x2  
  164  15:06  Observer  
  133  15:18  Zealot x4  
  133  15:19  Zealot x6  
Show
View Real Time Build Order
Export as new Build Order

Mylasergopew Zerg 

Build Orders: Hatch First 

Get SALT Encoding   

  12  0:01  Drone  
  13  0:13  Drone  
  14  0:16  Overlord  
  14  0:26  Extractor  
  14  0:27  Drone  
  15  0:35  Drone x2  
  17  0:57  Hatchery  
  17  1:00  Drone  
  17  1:02  Drone  
  18  1:14  Drone, Extractor  
  18  1:20  Spawning Pool  
  18  1:23  Drone  
  18  1:29  Drone  
  19  1:41  Overlord  
  19  2:06  Queen  
  19  2:07  Zergling x4  
  23  2:09  Queen  
  23  2:10  Drone  
  23  2:14  Metabolic Boost  
  26  2:18  Drone  
  26  2:20  Drone  
  26  2:22  Drone  
  29  2:31  Drone  
  30  2:48  Hatchery  
  29  2:53  Queen  
  29  2:55  Drone  
  29  2:56  Drone  
  33  3:02  Overlord  
  33  3:07  Drone x2  
  33  3:10  Drone  
  36  3:21  Evolution Chamber  
  36  3:22  Zergling x4  
  36  3:23  Zergling x2  
  38  3:52  Queen  
  39  3:57  Zerg Melee Weapons Level 1  
  36  4:12  Queen  
  37  4:25  Roach Warren  
  37  4:31  Queen x2  
  36  4:32  Drone x2  
  36  4:33  Drone x6  
  48  4:47  Drone  
  48  4:48  Overlord  
  45  5:22  Drone x3  
  48  5:39  Spore Crawler  
  48  5:41  Zergling x18  
  48  5:42  Zergling x2  
  57  5:43  Overlord x2  
  57  5:44  Overlord x3  
  57  5:53  Baneling Nest  
  56  6:02  Spine Crawler, Pneumatized Carapace  
  55  6:04  Overlord  
  55  6:05  Roach  
  55  6:11  Extractor  
  56  6:12  Extractor  
  56  6:16  Drone x2  
  56  6:17  Drone  
  56  6:18  Drone x4  
  61  6:19  Drone  
  63  6:34  Roach x3  
  69  6:44  Extractor  
  68  6:53  Drone  
  68  6:54  Drone x2  
  71  6:56  Roach  
  71  6:57  Roach x5  
  71  6:58  Overlord  
  83  7:14  Zergling x6  
  83  7:15  Zergling x2  
  87  7:22  Zergling x4  
  89  7:35  Overlord  
  89  7:44  Roach x4  
  95  7:45  Overlord  
  95  7:46  Overlord  
  95  7:47  Lair  
  95  7:50  Zerg Missile Weapons Level 1  
  97  8:09  Ravager  
  97  8:10  Ravager x4  
  97  8:12  Zergling x6  
  105  8:16  Baneling x3  
  105  8:17  Baneling  
  105  8:20  Baneling x2  
  105  8:21  Baneling  
  105  8:23  Hatchery, Baneling  
  105  8:26  Drone x5  
  105  8:27  Drone  
  86  9:11  Zergling x34  
  86  9:12  Roach x4, Zergling x4  
  88  9:20  Baneling  
  88  9:21  Baneling x3  
  87  9:45  Zergling x4  
  87  9:49  Overlord  
  87  9:50  Zergling x4  
  91  9:52  Baneling  
  91  9:53  Baneling x6  
  91  9:57  Hydralisk Den, Zerg Missile Weapons Level 2  
  90  10:00  Glial Reconstitution  
  90  10:03  Drone x4, Evolution Chamber  
  90  10:04  Drone x7  
  90  10:06  Drone  
  99  10:26  Baneling  
  99  10:27  Baneling x3  
  99  10:30  Baneling  
  99  10:31  Baneling x3  
  99  10:43  Hydralisk x9  
  117  10:51  Extractor  
  117  10:52  Extractor  
  115  11:05  Hatchery  
  114  11:15  Overlord x2, Hydralisk  
  114  11:30  Overlord  
  110  11:45  Hydralisk x4  
  110  11:46  Hydralisk x7  
  125  11:53  Hatchery, Zerg Ground Armor Level 1  
  128  12:02  Hatchery  
  127  12:15  Drone  
  127  12:16  Drone  
  127  12:19  Drone x4  
  134  12:26  Hatchery  
  132  12:47  Zergling x4  
  132  12:48  Zergling x2  
  132  12:49  Zergling x2  
  134  13:06  Drone x6  
  134  13:07  Drone x3, Overlord x3  
  134  13:10  Muscular Augments  
  143  13:16  Infestation Pit  
  143  13:19  Overlord x2  
  142  13:30  Zergling x4  
  142  13:31  Zergling x4  
  120  13:41  Hydralisk  
  120  13:42  Hydralisk x7  
  120  13:43  Zergling x14  
  121  13:57  Zergling x10  
  126  14:05  Centrifical Hooks  
  121  14:19  Baneling  
  121  14:20  Baneling x9  
  121  14:22  Zergling x12  
  121  14:23  Zergling x10  
  117  14:49  Hydralisk, Zergling x2  
  117  14:50  Hydralisk x7, Zergling x10  
Tags
 
Add a new tag
Caveats
  • Supply blocks, unpowered buildings, or Contaminate may cause inaccurate times.
  • Supply counts are checked every 10 seconds.